 Dungeon Crawl Stone Soup version 0.26.1-11-gd32895ea62 (webtiles) character file.

Game seed: 3994320438343177857

19115 MisterFreud the Grappler (level 12, -2/119 HPs)
             Began as a Troll Monk on May 14, 2021.
             Shot with a bolt by a yaktaur captain (38 damage)
             ... on level 12 of the Dungeon.
             The game lasted 00:18:12 (9209 turns).

MisterFreud the Grappler (Troll Monk)               Turns: 9209, Time: 00:18:13

Health: -2/119     AC:  9    Str: 22    XL:     12   Next: 33%
Magic:  11/11      EV: 19    Int:  6    God:
Gold:   267        SH:  5    Dex: 18    Spells: 11/11 levels left

rFire    + . .     SeeInvis +     - Unarmed
rCold    . . .     Faith    .   (no shield)
rNeg     . . .     Spirit   .   J - +2 robe {Will+}
rPois    .         Reflect  +   (helmet restricted)
rElec    .         Harm     .   t - +0 cloak {rCorr}
rCorr    +         Rampage  .   (gloves unavailable)
Will     +....                  (boots unavailable)
Stlth    ++........             L - amulet of reflection
HPRegen  0.69/turn              N - ring of Ilaish {EV+4 Dex+2 SInv}
MPRegen  0.12/turn              j - ring of protection from fire

@: no status effects
A: large, unfitting armour, claws 3, regeneration 1, shaggy fur 1, tough skin 3
a: no special abilities


You were on level 12 of the Dungeon.
You visited 2 branches of the dungeon, and saw 13 of its levels.
You also visited: Ossuary.

You collected 690 gold pieces.
You spent 423 gold pieces at shops.

Inventory:

Missiles
 n - 8 boomerangs
 M - 2 boomerangs of dispersal
 P - 3 silver javelins
 Q - 6 javelins
 R - 2 large rocks (quivered)
Armour
 t - a +0 cloak of preservation (worn)
 J - a +2 robe of willpower (worn)
Jewellery
 h - a +6 ring of strength
 j - a ring of protection from fire (right claw)
 l - an uncursed ring of flight
 u - an uncursed amulet of guardian spirit
 L - an amulet of reflection (around neck)
 N - the ring of Ilaish (left claw) {EV+4 Dex+2 SInv}
   (You found it on level 7 of the Dungeon)

   [ring of evasion]

   It affects your evasion (+4).
   It affects your dexterity (+2).
   It lets you see invisible.
 O - an uncursed ring of resist corrosion
Wands
 a - a wand of acid (15)
 v - a wand of digging (10)
 K - a wand of iceblast (3)
Scrolls
 d - 2 scrolls of fear
 e - a scroll of blinking {unknown}
 f - 6 scrolls of teleportation
 k - 9 scrolls of remove curse
 o - 2 scrolls of magic mapping
 s - 2 scrolls of amnesia
 w - a scroll of immolation
 y - a scroll of random uselessness
 B - a scroll of torment
 D - a scroll of brand weapon
 E - a scroll of enchant weapon
 G - 2 scrolls of enchant armour
Potions
 b - a potion of haste
 c - 8 potions of curing
 g - 3 potions of flight
 i - 3 potions of degeneration
 m - 4 potions of brilliance
 p - a potion of attraction
 q - a potion of ambrosia
 r - 2 potions of lignification
 x - 2 potions of heal wounds
 z - 3 potions of mutation
 A - 2 potions of cancellation
 C - a potion of invisibility
 F - 2 potions of magic
 H - a potion of resistance
 I - 2 potions of might


   Skills:
 - Level 8.0 Fighting
 - Level 8.0 Throwing
 - Level 8.0 Dodging
 - Level 1.0 Stealth
 + Level 12.3 Unarmed Combat
 - Level 5.0 Evocations


You had 11 spell levels left.
You didn't know any spells.
Your spell library was empty.

Dungeon Overview and Level Annotations

Branches:
Dungeon (12/15)            Temple (1/1) D:7            Lair (0/6) D:9
    Orc (0/2) D:11        Ossuary (visited)

Altars:
Ashenzari
Elyvilon
Okawaru
Qazlal
Ru
Trog
Vehumet
Wu Jian
Xom
Yredelemnul
Zin

Shops:
D:4 (   D:7 (([(   D:8 [:*

Annotations:
D:7 3 runed translucent doors, Gwenloh's ghost, novice DDEE
D:9 2 transporters, MisterFreud's ghost, novice TrMo


Innate Abilities, Weirdness & Mutations

You are too large for most types of armour.
You have claws for hands.
Your natural rate of healing is unusually fast.
You are covered in fur. (AC +1)
You have extremely tough skin. (AC +3)


Message History

The bolt of acid hits the ettin!!
The ettin is splashed with acid.
The acid corrodes the ettin!
The ettin is heavily wounded.
The bolt of acid hits the yaktaur captain!
The yaktaur captain is splashed with acid.
The acid corrodes the yaktaur captain!
The yaktaur captain is moderately wounded.
The bolt of acid hits the wight!
The wight is splashed with acid!
You destroy the wight!
You see here an arrow.
You see here an arrow.
The yaktaur captain is no longer covered in acid.
You see here an arrow.
You see here an adder corpse.
The wight throws a stone.
You reflect the stone off an invisible shield around you!
The stone hits the wight but does no damage.
The yaktaur captain wields a +0 arbalest.
The yaktaur captain shoots a bolt.
The bolt hits you!!!
You die...

## #.## #.
##.#.#### #.
#####.#......
#.#####........#
#....##.###.#.##
##...<##.#
#@##########
§##........#
##..........
§§........#
#C.........
#........#
#....########
###...####
#...c.......(
### #...#
#..#.(..#### ..#
##.## #..#z(.##
#.# #†# #))#..##
#.# #.# #..#(##


You could see a yaktaur captain, an ettin (corroded) and a wight.

Vanquished Creatures
  Gastronok (D:11)
  2 centaur warriors
  Erica (D:8)
  3 two-headed ogres
  A death yak (D:10)
  A tengu warrior (D:10)
  3 unseen horrors
  2 ugly things
  2 cyclopes (D:12)
  2 trolls (D:9)
  Grinder (D:4)
  A wraith (D:10)
  6 yaks
  Sigmund (D:5)
  Eustachio (D:5)
  2 vampire mosquitoes (D:9)
  Menkaure (D:5)
  2 water moccasins (D:9)
  Duvessa (D:4)
  3 black bears
  10 orc warriors
  2 phantoms
  A sky beast (D:8)
  4 ice beasts
  4 ogres
  A centaur (shapeshifter) (D:11)
  A big kobold (D:7)
  6 bullfrogs
  11 scorpions
  Dowan (D:4)
  14 killer bees
  A wight (D:12)
  5 howler monkeys
  2 electric eels (D:7)
  5 centaur zombies
  A human zombie (Ossuary)
  3 jellies
  14 orc wizards
  9 orc priests
  Crazy Yiuf (D:5)
  2 centaur skeletons
  4 hounds
  2 bullfrog skeletons
  3 iguanas
  13 worker ants
  A big kobold zombie (Ossuary)
  A hound zombie (D:7)
  3 mummies (Ossuary)
  2 worker ant zombies (D:7)
  8 adders
  6 gnolls
  6 scorpion zombies (Ossuary)
  2 shadow imps
  3 white imps
  An ufetubus (D:9)
  An ooze (D:3)
  An adder zombie (D:6)
  2 adder skeletons
  3 dart slugs
  4 leopard geckos
  51 orcs
  A ball python (D:1)
  8 giant cockroaches
  6 goblins
  8 hobgoblins
  7 jackals
  12 kobolds
  8 quokkas
  3 bats
  5 frilled lizards
  2 gnoll zombies (Ossuary)
  A goblin zombie (Ossuary)
  A hobgoblin zombie (Ossuary)
  3 kobold zombies (Ossuary)
  3 orc zombies (Ossuary)
  7 rats
327 creatures vanquished.

Vanquished Creatures (others)
  A kobold (D:7)
1 creature vanquished.

Grand Total: 328 creatures vanquished

Notes
Turn   | Place    | Note
-------+----------+-------------------------------------------
     0 | D:1      | MisterFreud the Troll Monk began the quest for the Orb.
     0 | D:1      | Reached XP level 1. HP: 22/22 MP: 0/0
    83 | D:1      | Reached XP level 2. HP: 29/29 MP: 1/1
   272 | D:1      | Reached skill level 4 in Unarmed Combat
   403 | D:1      | Reached XP level 3. HP: 36/36 MP: 2/2
   685 | D:2      | Reached XP level 4. HP: 34/44 MP: 3/3
   686 | D:2      | Reached skill level 5 in Unarmed Combat
   784 | D:2      | Found a glowing silver altar of Zin.
  1055 | D:2      | Found an ornate altar of the Wu Jian Council.
  1373 | D:3      | Reached skill level 1 in Throwing
  1462 | D:3      | Found a sacrificial altar of Ru.
  1587 | D:3      | Reached XP level 5. HP: 50/50 MP: 4/4
  1729 | D:4      | Found Oqonluud's Antique Weapon Shoppe.
  1737 | D:4      | Noticed Dowan
  1743 | D:4      | Killed Dowan
  1744 | D:4      | Noticed Duvessa
  1784 | D:4      | Reached skill level 6 in Unarmed Combat
  1784 | D:4      | Reached XP level 6. HP: 11/59 MP: 5/5
  1954 | D:4      | Noticed Grinder
  1965 | D:4      | Killed Grinder
  1966 | D:4      | Reached XP level 7. HP: 38/66 MP: 6/6
  2212 | D:4      | Found a bloodstained altar of Trog.
  2274 | D:4      | Killed Duvessa
  2275 | D:4      | Reached skill level 7 in Unarmed Combat
  2292 | D:5      | Entered Level 5 of the Dungeon
  2307 | D:5      | Noticed Sigmund
  2311 | D:5      | Killed Sigmund
  2473 | D:5      | Reached skill level 8 in Unarmed Combat
  2595 | D:5      | Found a sand-covered staircase.
  2606 | Ossuary  | Entered an ossuary
  2639 | Ossuary  | Reached XP level 8. HP: 75/75 MP: 7/7
  3161 | D:5      | Found a shimmering altar of Xom.
  3175 | D:5      | Noticed Eustachio
  3193 | D:5      | Killed Eustachio
  3358 | D:5      | Reached skill level 5 in Fighting
  3358 | D:5      | Reached skill level 5 in Dodging
  3422 | D:5      | Noticed Menkaure
  3426 | D:5      | Killed Menkaure
  3427 | D:5      | Reached XP level 9. HP: 86/88 MP: 8/8
  3524 | D:5      | Found a runed translucent door.
  3525 | D:5      | Noticed Crazy Yiuf
  3763 | D:5      | Killed Crazy Yiuf
  3958 | D:6      | Found a basalt altar of Yredelemnul.
  3961 | D:6      | Found a radiant altar of Vehumet.
  3962 | D:6      | Found a broken altar of Ashenzari.
  3962 | D:6      | Found a sacrificial altar of Ru.
  4080 | D:6      | Found a stormy altar of Qazlal.
  4308 | D:7      | Got a heavily runed granite ring
  4310 | D:7      | Identified the ring of Ilaish {EV+4 Dex+2 SInv} (You found
                  | it on level 7 of the Dungeon)
  4400 | D:7      | Reached skill level 5 in Throwing
  4596 | D:7      | Found Ximnere's Antique Weapon Boutique.
  4805 | D:7      | Found a staircase to the Ecumenical Temple.
  4830 | D:7      | Found Voep's Antique Weapon Shop.
  4846 | D:7      | Found Qoavof's Antique Weapon Boutique.
  4889 | D:7      | Reached skill level 9 in Unarmed Combat
  5099 | D:7      | Found Qysil's Armour Boutique.
  5219 | D:7      | Found a runed translucent gate.
  5219 | D:7      | Found a runed translucent gate.
  5219 | D:7      | Found a runed translucent gate.
  5230 | Temple   | Entered the Ecumenical Temple
  5259 | D:7      | Noticed Gwenloh's ghost (novice DDEE)
  5562 | D:8      | Found Duomm's Book Shoppe.
  5604 | D:8      | Found Kyur's General Store.
  5605 | D:8      | Noticed Erica
  5640 | D:8      | Killed Erica
  5641 | D:8      | Reached skill level 10 in Unarmed Combat
  5645 | D:8      | Bought a potion of haste for 140 gold pieces
  5767 | D:8      | You fall into a shaft and drop 3 floors!
  5786 | D:10     | Entered Level 10 of the Dungeon
  5791 | D:10     | Reached XP level 10. HP: 84/96 MP: 9/9
  6173 | D:9      | Found a staircase to the Lair.
  6173 | D:9      | Noticed a death yak
  6173 | D:9      | Noticed a death yak
  6173 | D:9      | Noticed a death yak
  6174 | D:9      | Noticed a death yak
  6174 | D:9      | Noticed a death yak
  6174 | D:9      | Noticed a death yak
  6174 | D:9      | Noticed a death yak
  6212 | D:10     | Killed a death yak
  6336 | D:9      | Reached skill level 11 in Unarmed Combat
  6475 | D:9      | Found a transporter.
  6488 | D:8      | Found Azaabb's Armour Shop.
  6506 | D:8      | Bought a +2 robe of willpower for 283 gold pieces
  6633 | D:8      | Noticed a two-headed ogre
  6645 | D:8      | Killed a two-headed ogre
  6652 | D:8      | Reached skill level 12 in Unarmed Combat
  7088 | D:9      | Noticed a two-headed ogre
  7122 | D:9      | HP: 3/96 [two-headed ogre/+0 dire flail (19)]
  7124 | D:9      | Killed a two-headed ogre
  7125 | D:9      | Reached XP level 11. HP: 4/102 MP: 10/10
  7591 | D:9      | Identified the +8 dire flail of Sunlight {chaos, rC+ Int+3
                  | Dex+3}
  7591 | D:9      | Noticed a two-headed ogre
  7592 | D:9      | Noticed MisterFreud's ghost (novice TrMo)
  7595 | D:9      | Noticed a two-headed ogre
  7602 | D:9      | Found a transporter.
  7887 | D:10     | Noticed a two-headed ogre
  7891 | D:10     | Killed a two-headed ogre
  7965 | D:11     | Noticed Gastronok
  7965 | D:11     | Noticed an unseen horror
  7988 | D:11     | Found an iron altar of Okawaru.
  7988 | D:11     | Noticed a tengu warrior
  7988 | D:11     | Noticed an unseen horror
  7988 | D:11     | Noticed a purple ugly thing
  8054 | D:10     | Killed an unseen horror
  8074 | D:10     | Killed a tengu warrior
  8078 | D:10     | Killed a purple ugly thing
  8292 | D:11     | Noticed a centaur warrior
  8303 | D:11     | Noticed a red ugly thing
  8307 | D:11     | Killed a centaur warrior
  8328 | D:11     | Killed a red ugly thing
  8333 | D:11     | Killed an unseen horror
  8516 | D:11     | Killed Gastronok
  8517 | D:11     | Reached XP level 12. HP: 42/119 MP: 11/11
  8918 | D:11     | Found a staircase to the Orcish Mines.
  9188 | D:12     | Reached skill level 5 in Evocations
  9188 | D:12     | Noticed a centaur warrior
  9192 | D:12     | Noticed an ettin
  9195 | D:12     | Noticed a yaktaur captain
  9197 | D:12     | HP: 4/119 [centaur warrior/+1 trident of protection (5)]
  9199 | D:12     | Killed a centaur warrior
  9209 | D:12     | Shot with a bolt by a yaktaur captain

Illustrated notes

Levels and vault maps discovered:
D:1:      minmay_arrival_shattered_statue, layout_rooms, minmay_tromino_mix6
D:2:      layout_basic, nzn_wu_jian_council_hall, general_overflow_altar
D:3:      layout_rooms, hangedman_ru_absence
D:4:      layout_rooms, nicolae_overflow_crystal_walls, serial_shops, shop,
          uniq_grinder, uniq_duvessa
D:5:      layout_loops_ring, lemuel_crystal_altar, chequers_ossuary_entry_cave,
          kennysheep_opposing_triangles, uniq_crazy_yiuf_cottage,
          uniq_eustachio, uniq_sigmund, uniq_menkaure
D:6:      layout_rooms, nicolae_qazlal_eye_of_the_storm, minitemple
D:7:      layout_loops_corners, minmay_temple_entry_mist,
          gammafunk_ghost_necromancy, serial_shops, kennysheep_little_box,
          nicolae_shop_waterfront, nicolae_shop_overgrown_old_shop,
          kennysheep_mini
D:8:      layout_basic, serial_shops, shop, shop, shop, uniq_erica
D:9:      layout_loops_ring, dpeg_lair_monsters, gammafunk_ghost_smash,
          grunt_decor_arrowhead, minmay_joined_circles
D:10:     layout_roguey
D:11:     layout_rooms, david_orc_4, basic_altar, hex_tiny, uniq_gastronok
D:12:     minmay_containers, layout_loops_ring, statue_in_the_mist_lemuel,
          uniq_frances, uniq_azrael
Temple:   nicolae_temple_figure_eight

Skill      XL: |  1  2  3  4  5  6  7  8  9 10 11 12 |
---------------+-------------------------------------+-----
Unarmed Combat | 4 5 6 8 10 12 | 12.3
Throwing       | 1 2 3 4 7 8 |  8.0
Fighting       | 3 5 8 |  8.0
Dodging        | 3 5 6 8 |  8.0
Evocations     | 2 5 |  5.0
Stealth        | |  1.0

Action                   |  1- 3 |  4- 6 |  7- 9 | 10-12 || total
-------------------------+-------+-------+-------+-------++-------
Melee: Unarmed           |    88 |   113 |   348 |   457 ||  1006
       Punch             |     2 |       |     9 |    23 ||    34
Throw: Large rock        |       |       |       |     2 ||     2
       Boomerang         |       |       |       |     1 ||     1
Evoke: Wand              |       |       |       |     3 ||     3
  Use: Scroll            |       |       |    20 |     5 ||    25
       Potion            |       |       |       |     4 ||     4
 Stab: Sleeping          |     5 |     2 |     5 |     3 ||    15
       Distracted        |     1 |       |       |       ||     1
       Invisible         |       |       |       |     2 ||     2
Armor: Robe              |    27 |    57 |    60 |    73 ||   217
Dodge: Dodged            |    43 |    97 |   153 |   299 ||   592
Block: Other             |       |       |    23 |    94 ||   117
       Reflection        |       |       |     3 |     4 ||     7
